 Dungeon Crawl Stone Soup version 0.27-a0-1046-g98bf31544f (webtiles) character file.

Game seed: 18383847533898635613

475 Jannitor the Skirmisher (level 7, -33/52 HPs)
             Began as a Djinni Chaos Knight on Apr 19, 2021.
             Was a Plaything of Xom.
             Blown up by an orb spider (55 damage)
             ... with an orb of destruction
             ... on level 2 of the Dungeon.
             The game lasted 00:03:52 (2211 turns).

Jannitor the Skirmisher (Djinni Chaos Knight)       Turns: 2211, Time: 00:03:52

Health: -33/52     AC:  5    Str: 12    XL:     7   Next: 10%
Gold:   48         EV: 12    Int: 12    God:    Xom [*.....] SH:  0 Dex: 11

rFire    + + .     SeeInvis .   a - +0 short sword (chaos)
rCold    x . .     Faith    .   (no shield)
rNeg     . . .     Spirit   .   b - +2 leather armour
rPois    ∞         Reflect  .   (no helmet)
rElec    .         Harm     .   (no cloak)
rCorr    .         Rampage  .   (no gloves)
Will     .....                  (boots unavailable)
Stlth    ++........             (no amulet)
HPRegen  0.17/turn              (no ring)
MPRegen  0.00/turn              (no ring)

@: flying, very slightly contaminated
A: fire resistance 2, cold vulnerability 1, float, innate caster, hp casting,
extra vitality 1, clumsy 1, dopey 1
a: Renounce Religion


You were on level 2 of the Dungeon.
You worshipped Xom.
You were a special plaything of Xom.
You visited 1 branch of the dungeon, and saw 2 of its levels.

You collected 48 gold pieces.

Inventory:

Hand Weapons
 a - a +0 short sword of chaos (weapon)
Armour
 b - a +2 leather armour (worn)
Scrolls
 j - 2 scrolls of noise
Potions
 d - a potion of curing
 g - a potion of attraction


   Skills:
 + Level 4.1 Fighting
 + Level 3.8 Short Blades
 + Level 3.0 Armour
 + Level 4.0 Dodging
 * Level 3.3 Stealth


You couldn't memorise any spells.
You knew the following spells:

 Your Spells              Type           Power      Damage    Failure   Level
a - Sting                 Tmut/Pois      0%         1d3       38%         1
b - Passwall              Tmut/Erth      0%         N/A       54%         2
c - Summon Guardian Gole  Hex/Summ       0%         N/A       77%         3
Your spell library was empty.

Dungeon Overview and Level Annotations

Branches:
Dungeon (2/15)

Altars:
Nemelex Xobeh

Shops:
D:1 (


Innate Abilities, Weirdness & Mutations

You are immune to poison.
Your flesh is very heat resistant. (rF++)
You are vulnerable to cold. (rC-)
You float through the air rather than walking.
You learn spells naturally, not from books.
Your magical power is your life essence.
You have superior vitality. (+4 HP)
You are clumsy. (Dex -2)
You are dopey. (Int -2)


Message History

The sting misses the orb spider.
Casting: Sting (safe; 50% risk of failure)
Confirm with . or Enter, or press ? or * to list all spells.
Aiming: Sting (safe; 50% risk of failure)
Press: ? - help, Shift-Dir - straight line, f/p - orb spider
Aim: an orb spider shaped shifter (severely wounded, very poisoned, 64% to hit)
You miscast Sting.
You are very lightly contaminated with residual magic.
Nothing appears to happen.
The orb spider spins a strand of pure energy.
Casting: Sting (safe; 50% risk of failure)
Confirm with . or Enter, or press ? or * to list all spells.
Aiming: Sting (safe; 50% risk of failure)
Press: ? - help, Shift-Dir - straight line, f/p - orb spider
Aim: an orb spider shaped shifter (severely wounded, fully charged, very poisoned, 64% to hit)
You miscast Sting.
Nothing appears to happen.
The orb spider weaves a glowing orb of energy.
An orb of destruction comes into view.
You kill the orb spider!
You feel your strength returning.
You feel your intelligence returning.
You feel your dexterity returning.
Your Fighting skill increases to level 4!
Your Armour skill gained 2 levels and is now at level 3!
Your Dodging skill gained 2 levels and is now at level 4!
Your Stealth skill gained 2 levels and is now at level 3!
You have reached level 5!
The power to cast Passwall wells up from within.
Spell assigned to 'b'.
You have reached level 6!
Your experience leads to an increase in your attributes!
Your base attributes are Str 12, Int 13, Dex 13.
Increase (S)trength, (I)ntelligence, or (D)exterity?
You feel clever.
You have reached level 7!
The power to cast Summon Guardian Golem wells up from within.
Spell assigned to 'c'.
The orb of destruction hits you!!!
Ouch! That really hurt!
You die...
Xom thinks this is hilarious!

....... #.....# # .......
#....# # ....... #....# #
.......########....########
...........[.......'.......
......†............#####...
........°°.........'..†'...
##......°○.......#####...
#......@........# #...
#......†....##### #...
#...........# #...
#...........# ###.
#...........# ##
#######......###### #
####............# #
................. ####
..........###### #...


There were no monsters in sight!

Vanquished Creatures
  An orb spider (shapeshifter) (D:2)
  4 gnolls (D:2)
  A ball python (D:1)
  2 bats
  2 endoplasms (D:2)
  A giant cockroach (D:2)
  5 goblins
  2 hobgoblins
  7 jackals (D:1)
  4 quokkas
  3 frilled lizards
  A kobold (D:1)
33 creatures vanquished.

Vanquished Creatures (others)
  4 toadstools (D:1)
4 creatures vanquished.

Grand Total: 37 creatures vanquished

Notes
Turn   | Place    | Note
-------+----------+-------------------------------------------
     0 | D:1      | Jannitor the Djinni Chaos Knight began the quest for the
                  | Orb.
     0 | D:1      | Reached XP level 1. HP: 20/20 MP: 0/0
   119 | D:1      | XOM: summons 1 hostile shadow creature
   300 | D:1      | Reached XP level 2. HP: 25/25 MP: 0/0
   301 | D:1      | Found Ampesau's Weapon Shop.
   320 | D:1      | XOM: swap monsters
   336 | D:1      | XOM: 3-stop teleportation journey
   430 | D:1      | XOM: summons 2 hostile demons
   431 | D:1      | Noticed a red devil
   431 | D:1      | Noticed a crimson imp
   932 | D:2      | Reached XP level 3. HP: 29/30 MP: 0/0
   932 | D:2      | Learned a level 1 spell: Sting
   996 | D:2      | Found a sparkling altar of Nemelex Xobeh.
  1213 | D:2      | XOM: enchant monster (bad)
  1232 | D:2      | Reached skill level 1 in Stealth
  1377 | D:2      | XOM: silly message
  1561 | D:2      | Found a faded altar of an unknown god.
  1580 | D:2      | XOM: give mutations
  1580 | D:2      | Gained mutation: You are clumsy. (Dex -2) [Xom's mischief]
  1580 | D:2      | Gained mutation: You are dopey. (Int -2) [Xom's mischief]
  1640 | D:2      | Reached XP level 4. HP: 24/35 MP: 0/0
  1766 | D:2      | XOM: 4-stop teleportation journey
  2118 | D:2      | XOM: stat loss: -1 Dex (10/11)
  2196 | D:2      | Noticed a shapeshifter
  2196 | D:2      | a bat changed into a shapeshifter
  2196 | D:2      | Noticed a human
  2196 | D:2      | a shapeshifter changed into a human
  2201 | D:2      | Noticed an orb spider
  2201 | D:2      | a human changed into an orb spider
  2210 | D:2      | Killed an orb spider
  2211 | D:2      | Reached XP level 5. HP: 17/41 MP: 0/0
  2211 | D:2      | Learned a level 2 spell: Passwall
  2211 | D:2      | Reached XP level 6. HP: 20/47 MP: 0/0
  2211 | D:2      | Reached XP level 7. HP: 22/52 MP: 0/0
  2211 | D:2      | Learned a level 3 spell: Summon Guardian Golem
  2211 | D:2      | Blown up by an orb spider

Illustrated notes

Levels and vault maps discovered:
D:1:      ldierk_water_garden, layout_loops_ring, serial_shops, shop,
          serial_glass, glass_columns_a, glass_columns_c
D:2:      layout_basic, basic_ecumenical_altar, basic_altar,
          amcnicky_mini_pool_small

Skill      XL: |  1  2  3  4 |
---------------+-------------+-----
Short Blades   | 3 |  3.8
Stealth        | 1 3 |  3.3
Fighting       | 4 |  4.1
Armour         | 3 |  3.0
Dodging        | 4 |  4.0

Action                   |  1- 3 |  4- 6 |  7- 9 || total
-------------------------+-------+-------+-------++-------
Melee: Short sword       |    62 |    32 |       ||    94
 Cast: Sting             |    14 |     8 |       ||    22
  Use: Scroll            |       |     4 |       ||     4
       Potion            |       |     3 |       ||     3
 Stab: Confused          |     1 |       |       ||     1
Armor: Leather armour    |    20 |    18 |       ||    38
Dodge: Dodged            |    53 |    32 |       ||    85

Table legend: (Time is in decaauts)
 A = Elapsed time spent in this place.
 B = Non-inter-level travel time spent in this place.
 C = Inter-level travel time spent in this place.
 D = Time resting spent in this place.
 E = Time spent auto-exploring this place.
 F = Levels seen in this place.
 G = Mean time per level.
                   A        B        C        D        E       F      G
               +--------+--------+--------+--------+--------+-----+--------+
         Total |   2206 |   2191 |     15 |    464 |   1341 |   2 | 1103.0 |
       Dungeon |   2206 |   2191 |     15 |    464 |   1341 |   2 | 1103.0 |
               +--------+--------+--------+--------+--------+-----+--------+

Top non-repeatable levels by time:
     D:2: 1295 daAuts
     D:1: 910 daAuts
